 Dungeon Crawl Stone Soup version 0.30-a0-364-gf6b3ef1049 (webtiles) character file.

Game seed: 11287942761866499630

72 sanka the Ruffian (level 4, -8/39 HPs)
             Began as a Troll Summoner on Nov 15, 2022.
             Mangled by Crazy Yiuf
             ... wielding a +2 quarterstaff of chaos
              (9 damage)
             ... on level 2 of the Dungeon.
             The game lasted 00:01:41 (1136 turns).

sanka the Ruffian (Troll Summoner)                  Turns: 1136, Time: 00:01:42

Health: -8/39      AC:  4    Str: 18    XL:     4   Next: 7%
Magic:  4/4        EV:  9    Int: 11    God:
Gold:   44         SH:  0    Dex: 10    Spells: 4/5 levels left

rFire   + . .      SeeInvis .      - Unarmed
rCold   . . .      Faith    .    (no shield)
rNeg    . . .      Spirit   .    a - +0 robe
rPois   .          Reflect  .    (helmet restricted)
rElec   .          Harm     .    (no cloak)
rCorr   .          Rampage  .    (gloves unavailable)
Will    .....                    (boots unavailable)
Stlth   +.........               (no amulet)
HPRegen 1.06/turn                (no ring)
MPRegen 0.09/turn                e - ring of protection from fire

@: no status effects
A: large, unfitting armour, claws 3, regeneration 1, shaggy fur 1, tough skin 1
a: no special abilities


You were on level 2 of the Dungeon.
You visited 1 branch of the dungeon, and saw 2 of its levels.

You collected 44 gold pieces.


Innate Abilities, Weirdness & Mutations

You are too large for most types of armour.
You have claws for hands.
Your natural rate of healing is unusually fast.
You are covered in fur. (AC +1)
You have tough skin. (AC +1)


   Skills:
 - Level 1.5 Dodging
 - Level 1.0 Stealth
 + Level 3.7 Unarmed Combat
 - Level 1.2 Spellcasting
 - Level 2.9 Summonings


You had 4 spell levels left.
You knew the following spells:

 Your Spells              Type           Power      Damage    Failure   Level
z - Summon Small Mammal   Summ           28%        N/A       10%         1

Your spell library contained the following spells:

 Spells                   Type           Power      Damage    Failure   Level
 Call Imp                 Summ           7%         N/A       14%         2
 Call Canine Familiar     Summ           7%         N/A       28%         3
 Summon Guardian Golem    Hex/Summ       3%         N/A       45%         3
 Summon Lightning Spire   Summ/Air       3%         N/A       86%         4

Inventory:

Armour
 a - a +0 robe (worn)
Jewellery
 e - a ring of protection from fire (right claw)
Wands
 h - a wand of mindburst (6)
Scrolls
 c - a scroll of magic mapping {unknown}
 d - 4 scrolls of identify {unknown}
 g - a scroll of fog {unknown}
 j - a scroll of vulnerability {unknown}
 m - a scroll of teleportation {unknown}
 n - a scroll of immolation {unknown}
 o - a scroll of summoning {unknown}
Potions
 b - a potion of magic
 f - 2 potions of flight {unknown}
 i - a potion of attraction {unknown}
 k - 2 potions of heal wounds {unknown}
 l - 2 potions of lignification {unknown}
 p - a potion of berserk rage {unknown}

Dungeon Overview and Level Annotations

Branches:
Dungeon (2/15)

Altars:

Shops:
D:2 =

Annotations:
D:2 Crazy Yiuf

.▒.▒........▒
▒..▒.......▒.▒.
.▒.▒▒▒▒▒▒▒▒.▒
▒..▒...▒▒▒▒▒.▒.
.▒........<.▒
▒..▒.........▒.
.▒▒▒▒.▒▒▒▒▒▒▒
▒▒▒▒▒▒▒▒▒▒[.... ▒▒
▒.▒ ▒.▒▒▒▒ ▒.▒
▒▒▒▒▒.▒ ▒.▒▒▒▒▒▒
▒▒▒ ▒.....▒
▒.▒....▒▒ ▒▒▒..)▒
▒.....▒
▒.......▒▒▒▒Tg...▒
▒▒▒▒▒.▒
▒▒▒......▒..▒▒...▒
▒...▒.▒
▒▒....▒.▒▒▒ ▒▒▒
▒▒▒.▒.▒ ▒▒▒▒▒▒▒▒
▒...▒ ▒▒▒.▒ ▒.▒
▒.▒ ▒▒▒


You could see Crazy Yiuf.


Message History

You now have 44 gold pieces (gained 4).
You see here a +0 long sword.
You see here a +0 whip.
Items here: )))))) †††††.
Key pressed, stopping explore.
Crazy Yiuf yells, "Cake sallow tortoise!"
Could not explore, unopened runed door.
Could not explore, unopened runed door.
As you open the door, it creaks loudly!
You barely miss Crazy Yiuf. You claw Crazy Yiuf.
Crazy Yiuf is lightly wounded.
You scratch Crazy Yiuf.
Crazy Yiuf is heavily wounded.
Crazy Yiuf barely misses you.
You scratch Crazy Yiuf but do no damage.
Crazy Yiuf is heavily wounded.
Crazy Yiuf hits you with a +2 quarterstaff of chaos!
Crazy Yiuf draws strength from your wounds!
Unknown command.
You closely miss Crazy Yiuf.
Crazy Yiuf is moderately wounded.
Crazy Yiuf hits you with a +2 quarterstaff of chaos!
* * * LOW HITPOINT WARNING * * *
You are electrocuted!
* * * LOW HITPOINT WARNING * * *
You scratch Crazy Yiuf.
Crazy Yiuf is heavily wounded.
Crazy Yiuf hits you with a +2 quarterstaff of chaos!
You die...

Action                   |  1- 3 |  4- 6 || total
-------------------------+-------+-------++-------
Melee: Unarmed           |    64 |    14 ||    78
       Punch             |       |     1 ||     1
Armor: Robe              |    13 |     3 ||    16
Dodge: Dodged            |    18 |     7 ||    25

Levels and vault maps discovered:
D:1:      dpeg_arrival_shrine, layout_basic,
          hellmonk_ecumenical_altar_leap_of_faith, nrook_mini_vaults
D:2:      layout_basic, serial_shops, nicolae_shop_stone, uniq_robin,
          uniq_jessica, uniq_crazy_yiuf_cottage

Notes
Turn   | Place    | Note
-------+----------+-------------------------------------------
     0 | D:1      | sanka the Troll Summoner began the quest for the Orb.
     0 | D:1      | Reached XP level 1. HP: 16/16 MP: 1/1
   147 | D:2      | Noticed Jessica
   159 | D:2      | HP: 1/16 [Jessica/+0 dagger (7)]
   163 | D:2      | Killed Jessica
   164 | D:2      | Reached skill level 2 in Unarmed Combat
   164 | D:2      | Reached XP level 2. HP: 3/24 MP: 2/2
   230 | D:2      | Reached XP level 3. HP: 30/31 MP: 3/3
   295 | D:2      | Found Apsuwnen's Jewellery Emporium.
   341 | D:2      | Reached skill level 3 in Unarmed Combat
   552 | D:2      | Found a runed translucent door.
   553 | D:2      | Noticed Crazy Yiuf
   917 | D:2      | Noticed Robin
   928 | D:2      | Killed Robin
   932 | D:2      | Reached XP level 4. HP: 22/39 MP: 4/4
  1135 | D:2      | HP: 1/39 [Crazy Yiuf/+2 quarterstaff of chaos (11)]
  1136 | D:2      | Mangled by Crazy Yiuf

Vanquished Creatures
  Jessica (D:2)
  Robin (D:2)
  A worm (D:2)
  A dart slug (D:2)
  2 ball pythons (D:2)
  3 endoplasms (D:2)
  3 hobgoblins (D:2)
  3 kobolds (D:2)
  2 frilled lizards (D:2)
  10 goblins
  2 rats (D:2)
29 creatures vanquished.
